 Dungeon Crawl Stone Soup version 0.23-a0-143-g1adec7b (webtiles) character file.

3113 GroovyGamera the Firebug (level 9, -1/74 HPs)
             Began as a Demigod Fire Elementalist on Sept 1, 2018.
             Hit by a stone thrown by an orc warrior (20 damage)
             ... on level 7 of the Dungeon.
             The game lasted 01:11:29 (11696 turns).

GroovyGamera the Firebug (DgFE)                    Turns: 11696, Time: 01:11:30

Health: -1/74      AC:  5    Str: 11    XL:     9   Next: 34%
Magic:  6/19       EV: 13    Int: 25    God:
Gold:   126        SH:  0    Dex: 16    Spells: 6/17 levels left

rFire    . . .     SeeInvis .   e - +3 quarterstaff (chaos)
rCold    + . .     Gourm    .   (shield currently unavailable)
rNeg     . . .     Faith    .   v - +0 robe
rPois    .         Spirit   .   (no helmet)
rElec    .         Reflect  .   j - +0 cloak
rCorr    .         Harm     .   D - +0 pair of gloves
MR       .....                  l - +0 pair of boots
Stlth    ++........             (no amulet)
HPRegen  0.22/turn              N - ring of protection from cold
MPRegen  0.16/turn              (no ring)

@: no status effects
A: high mp 1
a: no special abilities


You were on level 7 of the Dungeon.
You were not hungry.

You visited 1 branch of the dungeon, and saw 7 of its levels.
You also visited: Sewer and Ossuary.

You collected 205 gold pieces.
You spent 79 gold pieces at shops.

Inventory:

Hand Weapons
 d - a +0 hand crossbow
 e - a +3 quarterstaff of chaos (weapon)
 h - a +0 hunting sling
 k - a cursed -2 mace
 w - a +8 club
 B - a +0 blowgun
 K - a +1 spear of venom
 O - a cursed +4 morningstar
Missiles
 f - 252 stones (quivered)
 m - 31 poisoned needles
 p - 162 arrows
 t - 109 bolts
 F - 10 sling bullets
 J - 3 poisoned tomahawks
 L - 2 needles of sleeping
Armour
 j - a +0 cloak (worn)
 l - a +0 pair of boots (worn)
 q - a +0 scale mail of poison resistance
 v - a +0 robe (worn)
 D - a +0 pair of gloves (worn)
Jewellery
 H - an uncursed amulet of rage
 N - a ring of protection from cold (left hand)
Wands
 s - a wand of iceblast (5)
Scrolls
 i - 3 scrolls of amnesia
 n - 7 scrolls of teleportation
 y - a scroll of immolation {unknown}
 C - 2 scrolls of fog
 G - a scroll of magic mapping
 I - 2 scrolls of remove curse
Potions
 b - 5 potions of might
 g - 3 potions of mutation
 o - 3 potions of heal wounds
 r - 4 potions of haste
 u - 13 potions of curing
 x - a potion of resistance {unknown}
 z - 3 potions of flight
 A - 2 potions of agility
 E - a potion of lignification {unknown}
Comestibles
 a - 9 chunks of flesh
 c - 6 rations


   Skills:
 - Level 5.0 Fighting
 + Level 3.0 Dodging
 - Level 1.7 Stealth
 + Level 4.7 Spellcasting
 + Level 6.9 Conjurations
 + Level 7.4 Fire Magic


You had 6 spell levels left.
You knew the following spells:

 Your Spells              Type           Power        Failure   Level  Hunger
a - Flame Tongue          Conj/Fire      #####        1%          1    None
b - Sticky Flame          Conj/Fire      #####...     4%          4    ####...
c - Fireball              Conj/Fire      #####.....   12%         5    #####..
d - Summon Small Mammal   Summ           #...         9%          1    None

Your spell library contained the following spells:

 Spells                   Type           Power        Failure   Level  Hunger
 Magic Dart               Conj           ####         1%          1    None
 Searing Ray              Conj           #####.       1%          2    None
 Throw Flame              Conj/Fire      #####.       1%          2    None
 Conjure Flame            Conj/Fire      #####...     1%          3    ##.....
 Iskenderun's Mystic Bla  Conj           #####...     4%          4    ####...
 Inner Flame              Hex/Fire       ###.....     5%          3    ##.....
 Dazzling Spray           Conj/Hex       ###...       6%          3    ##.....
 Animate Skeleton         Necr           N/A          9%          1    None
 Apportation              Tloc           #.....       9%          1    None
 Confusing Touch          Hex            #.....       9%          1    None
 Force Lance              Conj/Tloc      ###.....     21%         4    ####...
 Fulminant Prism          Conj/Hex       ###.......   21%         4    ####...


Dungeon Overview and Level Annotations

Branches:
Dungeon (7/15)             Temple (0/1) D:5

Shops:
D:6 %*   D:7 !


Innate Abilities, Weirdness & Mutations

You have an increased reservoir of magic. (+10% MP)


Message History

Things that are here:
a bolt; a hand axe; a leather armour You feel much better.
The adder hisses angrily.
The hound bites you.
You see here a bolt.
You thump the hound!
The hound flickers and vanishes!
Deactivating autopickup; reactivate with Ctrl-A.
Something bites you. x2
* * * LOW HITPOINT WARNING * * *
You miss something. Something bites you.
* * * LOW HITPOINT WARNING * * *
The orc warrior throws a stone.
The stone barely misses you. Something bites you.
* * * LOW HITPOINT WARNING * * *
You sock something!
Reactivating autopickup.
You feel a bit more experienced.
The orc warrior throws a stone.
The stone hits you!!
You die...

##'###.##.#.#####.# #.#
#.###...####.# #.#
##.###....∩.......###
...
.._###............#..
...
##.###.####.####..#.#
#.# #.#
#............#o## #.#
##'###.####..........#
#.# .......#
#####S##..####.#
#..##.##
#@##.......#######
##....#
#.##h#####.)......
####.# #(##(# #.#######
#.# #.o)(# #.# #.#
###### #.# #.# #)# #.#
#.# #.# #.#
#.###################.#


You could see an orc warrior and an adder.

Vanquished Creatures
  A hippogriff (D:7)
  3 orc warriors
  2 ice beasts (D:6)
  A phantom (D:5)
  A centaur (D:6)
  3 big kobolds
  3 elf zombies (Ossuary)
  2 bullfrogs
  A wyvern zombie (D:7)
  A gnoll sergeant (D:5)
  A wyvern skeleton (D:6)
  5 wights (D:7)
  A howler monkey (D:3)
  6 centaur zombies (Ossuary)
  4 hounds
  3 human zombies (Ossuary)
  6 orc priests
  Crazy Yiuf (D:2)
  3 bullfrog skeletons (D:4)
  Jessica (D:3)
  4 orc wizards
  A worker ant (D:5)
  A hound zombie (D:5)
  A hound skeleton (D:6)
  3 mummies (Ossuary)
  3 worker ant zombies
  10 adders
  6 gnolls
  5 river rats (Sewer)
  2 shadow imps
  2 oozes
  An adder skeleton (D:4)
  An adder zombie (D:6)
  A worm (D:4)
  11 leopard geckos
  33 orcs
  6 giant cockroaches
  6 goblins
  6 hobgoblins
  4 jackals (D:6)
  6 quokkas
  7 ball pythons
  4 bats
  5 frilled lizards
  23 kobolds
  A quokka skeleton (D:5)
  24 rats
226 creatures vanquished.

Notes
Turn   | Place    | Note
-------+----------+-------------------------------------------
     0 | D:1      | GroovyGamera the Demigod Fire Elementalist began the quest
                  | for the Orb.
     0 | D:1      | Reached XP level 1. HP: 14/14 MP: 5/5
    20 | D:1      | Reached skill level 1 in Conjurations
   294 | D:1      | You fall through a shaft!
   308 | D:2      | Found a hide-covered altar of Uskayaw.
   607 | D:1      | Reached XP level 2. HP: 20/20 MP: 5/7
  1035 | D:1      | Reached skill level 3 in Fire Magic
  1644 | D:2      | Found a runed door.
  1655 | D:2      | Noticed Crazy Yiuf
  1661 | D:2      | Killed Crazy Yiuf
  1661 | D:2      | Reached XP level 3. HP: 26/26 MP: 3/9
  1809 | D:3      | Reached XP level 4. HP: 30/33 MP: 4/10
  1815 | D:3      | Learned a level 4 spell: Sticky Flame
  1919 | D:3      | Noticed Jessica
  1921 | D:3      | Killed Jessica
  2115 | D:3      | Found a bloodstained altar of Trog.
  2276 | D:3      | Found a glowing drain.
  2307 | Sewer    | Entered a sewer
  2550 | Sewer    | Reached XP level 5. HP: 38/38 MP: 7/12
  2681 | Sewer    | Reached skill level 4 in Fire Magic
  3038 | Sewer    | Learned a level 5 spell: Fireball
  3321 | Sewer    | Reached XP level 6. HP: 45/45 MP: 1/14
  5590 | D:4      | Reached XP level 7. HP: 35/50 MP: 9/16
  5838 | D:4      | Reached skill level 5 in Fire Magic
  6283 | D:4      | Found a stormy altar of Qazlal.
  6367 | D:4      | Found an ornate altar of the Wu Jian Council.
  6457 | D:5      | Entered Level 5 of the Dungeon
  6692 | D:5      | Reached skill level 1 in Fighting
  7206 | D:5      | Learned a level 1 spell: Summon Small Mammal
  8184 | D:5      | Found a staircase to the Ecumenical Temple.
  8300 | D:6      | Found Ikalig's Food Shop.
  8619 | D:6      | Found a sand-covered staircase.
  8633 | Ossuary  | Entered an ossuary
  8648 | Ossuary  | Reached skill level 5 in Conjurations
  8666 | Ossuary  | Reached XP level 8. HP: 41/62 MP: 12/17
  8911 | Ossuary  | Reached skill level 6 in Fire Magic
 10206 | D:6      | Found Wugg's General Store.
 10211 | D:6      | Bought a scroll of teleportation for 39 gold pieces
 10659 | D:7      | Reached skill level 7 in Fire Magic
 10776 | D:7      | Reached XP level 9. HP: 62/72 MP: 6/18
 10923 | D:7      | Found a white marble altar of Elyvilon.
 11024 | D:7      | Reached skill level 5 in Fighting
 11550 | D:7      | Found Emolud's Distillery.
 11554 | D:7      | Bought a potion of agility for 40 gold pieces
 11554 | D:7      | Found a shattered altar of Ashenzari.
 11696 | D:7      | Hit by a stone thrown by an orc warrior

Vault maps used:
D:1:      dpeg_arrival_stonehenge_8_columns
D:2:      eat_drink_and_be_merry_uskayaw, uniq_crazy_yiuf_cottage
D:3:      bloody_trog, gup_sewer_entry_pipe, uniq_jessica
D:4:      corexii_shack_village, kennysheep_mini, nicolae_overflow_crystal_walls
D:5:      marbit_many_paths, lemuel_blue_sif_altar, temple_hall, first_ration
D:6:      serial_shops, shop, kennysheep_little_box, nicolae_ossuary_entry_ruins
D:7:      lemuel_doored_altar, elyvilon_altar_1, kennysheep_okawaru_gauntlet,
          grunt_temple_overflow_open, serial_shops, shop
Sewer:    sewer_minmay_treatment
Ossuary:  ossuary_minmay_four_chambers

Skill      XL: |  1  2  3  4  5  6  7  8  9 |
---------------+----------------------------+-----
Conjurations   | 1 2 3 4 5 6 |  6.9
Spellcasting   | 2 3 4 |  4.7
Fire Magic     | 3 4 5 7 |  7.4
Fighting       | 2 4 5 |  5.0
Dodging        | 2 3 |  3.0
Stealth        | |  1.7

Action                   |  1- 3 |  4- 6 |  7- 9 || total
-------------------------+-------+-------+-------++-------
Melee: Short sword       |     3 |       |       ||     3
       Quarterstaff      |       |    29 |    93 ||   122
 Fire: Hunting sling     |    30 |    86 |    54 ||   170
       Blowgun           |       |    50 |    71 ||   121
       Hand crossbow     |       |       |    19 ||    19
Throw: Stone             |       |     5 |       ||     5
 Cast: Flame Tongue      |    37 |    69 |    63 ||   169
       Sticky Flame      |       |    20 |    79 ||    99
       Summon Small Mamm |       |       |    10 ||    10
  Use: Scroll            |     5 |     5 |     8 ||    18
       Potion            |       |     1 |     2 ||     3
 Stab: Paralysed         |       |       |     5 ||     5
  Eat: Chunk             |     3 |    12 |    13 ||    28
       Ration            |       |     1 |     6 ||     7
Armor: Robe              |     8 |    27 |    35 ||    70
Dodge: Dodged            |    18 |    85 |   140 ||   243

Table legend:
 A = Non-vault XP
 B = Vault XP
 C = Vault XP percentage of total XP
 D = Non-vault monster count
 E = Vault monster count
 F = Vault count percentage of total count
                 A         B        C        D         E       F
            +---------+---------+-------+---------+---------+-------
      Total |    3228 |    1220 |  27.4 |     144 |      82 |  36.3
            +---------+---------+-------+---------+---------+-------
        D:1 |      18 |       0 |   0.0 |      12 |       0 |   0.0
        D:2 |      18 |      42 |  70.0 |      11 |       1 |   8.3
        D:3 |     120 |      51 |  29.8 |      14 |       6 |  30.0
        D:4 |     380 |      26 |   6.4 |      25 |      12 |  32.4
        D:5 |     673 |       0 |   0.0 |      25 |       0 |   0.0
        D:6 |     774 |       0 |   0.0 |      26 |       0 |   0.0
        D:7 |    1245 |       0 |   0.0 |      31 |       0 |   0.0
      Sewer |       0 |     359 | 100.0 |       0 |      48 | 100.0
    Ossuary |       0 |     742 | 100.0 |       0 |      15 | 100.0
            +---------+---------+-------+---------+---------+-------
